 Dungeon Crawl Stone Soup version 0.21.1-1-g345015f (webtiles) character file.

29 Goblin1989 the Sneak (level 3, -1/28 HPs)
             Began as a Vampire Wizard on Feb 22, 2018.
             Slain by a hobgoblin
             ... wielding a +0 club
              (4 damage)
             ... on level 2 of the Dungeon.
             The game lasted 00:05:37 (1446 turns).

Goblin1989 the Sneak (Vampire Wizard)               Turns: 1446, Time: 00:05:38

Health: -1/28      AC:  2    Str:  6    XL:     3   Next: 1%
Magic:  1/7        EV: 13    Int: 20    God:
Gold:   44         SH:  0    Dex: 13    Spells: 7/8 levels left

rFire    . . .     SeeInvis +   y - +0 dagger
rCold    + . .     Gourm    .   (no shield)
rNeg     + . .     Faith    .   a - +0 robe
rPois    .         Spirit   .   b - +0 hat
rElec    .         Reflect  .   (no cloak)
rCorr    .         Harm     .   (no gloves)
MR       .....                  (no boots)
Stlth    ++........             r - amulet of rage
HPRegen  0.09/turn              (no ring)
MPRegen  0.10/turn              (no ring)

@: no status effects
A: fangs 3, see invisible, cold resistance 1, robust 1, unbreathing
a: Bat Form, Evoke Berserk Rage


You were on level 2 of the Dungeon.
You were not thirsty.

You visited 1 branch of the dungeon, and saw 2 of its levels.

You collected 44 gold pieces.

Inventory:

Hand Weapons
 y - a +0 dagger (weapon)
Missiles
 s - 22 sling bullets
 u - 56 stones (quivered)
Armour
 a - a +0 robe (worn)
 b - a +0 hat (worn)
 w - a +0 ring mail
Jewellery
 r - an amulet of rage (around neck)
Scrolls
 t - a scroll of random uselessness {unknown}
 v - a scroll of remove curse {unknown}
Potions
 q - 3 potions of blood {@q4}
 x - a potion of might
 z - a potion of mutation {!q}
Books
 c - a book of Minor Magic

   Spells                             Type                      Level
   a - Magic Dart                     Conjuration                  1
   b - Blink                          Translocation                2
   c - Call Imp                       Summoning                    2
   d - Slow                           Hexes                        2
   e - Conjure Flame                  Conjuration/Fire             3
   f - Mephitic Cloud                 Conjuration/Poison/Air       3


   Skills:
 + Level 1.0 Fighting
 * Level 1.1 Short Blades
 + Level 2.7 Dodging
 + Level 3.8 Stealth
 + Level 3.0 Spellcasting
 - Level 0.6 Conjurations
   Level 1.0 Summonings
   Level 0.7 Translocations


You had 7 spell levels left.
You knew the following spells:

 Your Spells              Type           Power        Failure   Level  Hunger
a - Magic Dart            Conj           #...         11%         1    None


Dungeon Overview and Level Annotations

Branches:
Dungeon (2/15)

Altars:


Innate Abilities, Weirdness & Mutations

You have razor-sharp teeth.
You have supernaturally acute eyesight. (SInv)
You can survive without breathing.
Your flesh is cold resistant. (rC+)
You are robust. (+10% HP)


Message History

Casting: Magic Dart
Confirm with . or Enter, or press ? or * to list all spells.
You don't have enough magic to cast that spell.
Casting: Magic Dart
Confirm with . or Enter, or press ? or * to list all spells.
You don't have enough magic to cast that spell.
Casting: Magic Dart
Confirm with . or Enter, or press ? or * to list all spells.
You don't have enough magic to cast that spell.
You closely miss the hobgoblin.
The hobgoblin is heavily wounded.
The hobgoblin drinks a potion.
The hobgoblin seems to grow stronger.
You hit the hobgoblin but do no damage.
The hobgoblin is heavily wounded.
The hobgoblin hits you with a club!
You take 7 damage, and have 19/26 hp.
MASSIVE DAMAGE!!
You barely miss the hobgoblin.
The hobgoblin is heavily wounded.
You closely miss the hobgoblin.
The hobgoblin is heavily wounded.
The hobgoblin closely misses you.
You closely miss the hobgoblin.
The hobgoblin is heavily wounded.
The hobgoblin hits you with a club.
You take 6 damage, and have 13/26 hp.
MASSIVE DAMAGE!!
You hit the hobgoblin but do no damage.
The hobgoblin is heavily wounded.
The hobgoblin hits you with a club.
* * * LOW HITPOINT WARNING * * *
You take 5 damage, and have 8/26 hp.
You hit the hobgoblin but do no damage.
The hobgoblin is heavily wounded.
The hobgoblin closely misses you.
Casting: Magic Dart
Confirm with . or Enter, or press ? or * to list all spells.
Aiming: Magic Dart
Press: ? - help, Shift-Dir - straight line, f/p - hobgoblin
Aim: a hobgoblin, wielding a club and wearing a scale mail (heavily wounded, unusually strong)
The magic dart hits the hobgoblin.
The hobgoblin is heavily wounded.
The hobgoblin hits you but does no damage.
You now have 1/7 mp.
Your magical contamination has completely faded away.
The hobgoblin closely misses you.
The hobgoblin no longer looks unusually strong.
Casting: Magic Dart
Confirm with . or Enter, or press ? or * to list all spells.
Aiming: Magic Dart
Press: ? - help, Shift-Dir - straight line, f/p - hobgoblin
Aim: a hobgoblin, wielding a club and wearing a scale mail The magic dart hits the hobgoblin.
You now have 2/7 mp.
You hit the hobgoblin but do no damage.
You bite the hobgoblin, but do no damage.
The hobgoblin hits you with a club.
* * * LOW HITPOINT WARNING * * *
You take 4 damage, and have 6/26 hp.
Casting: Magic Dart
Confirm with . or Enter, or press ? or * to list all spells.
Aiming: Magic Dart
Press: ? - help, Shift-Dir - straight line, f/p - hobgoblin
Aim: a hobgoblin, wielding a club and wearing a scale mail The magic dart hits the hobgoblin.
The hobgoblin hits you with a club.
* * * LOW HITPOINT WARNING * * *
You take 1 damage, and have 6/26 hp.
You now have 1/7 mp.
Casting: Magic Dart
Confirm with . or Enter, or press ? or * to list all spells.
Aiming: Magic Dart
Press: ? - help, Shift-Dir - straight line, f/p - hobgoblin
Aim: a hobgoblin, wielding a club and wearing a scale mail The magic dart hits the hobgoblin.
The hobgoblin is heavily wounded.
You now have 2/7 mp.
Casting: Magic Dart
Confirm with . or Enter, or press ? or * to list all spells.
Aiming: Magic Dart
Press: ? - help, Shift-Dir - straight line, f/p - hobgoblin
Aim: a hobgoblin, wielding a club and wearing a scale mail (heavily wounded)
The magic dart hits the hobgoblin.
The hobgoblin is heavily wounded.
The hobgoblin barely misses you.
You now have 1/7 mp.
Casting: Magic Dart
Confirm with . or Enter, or press ? or * to list all spells.
Aiming: Magic Dart
Press: ? - help, Shift-Dir - straight line, f/p - hobgoblin
Aim: a hobgoblin, wielding a club and wearing a scale mail (heavily wounded)
The magic dart hits the hobgoblin.
The hobgoblin is heavily wounded.
The hobgoblin closely misses you.
You now have 0/7 mp.
You hit the hobgoblin but do no damage.
The hobgoblin is moderately wounded.
The hobgoblin hits you with a club.
* * * LOW HITPOINT WARNING * * *
You take 4 damage, and have 3/26 hp.
It was a potion of mutation.
You feel extremely strange.
You feel resistant to cold.
You feel robust. The hobgoblin hits you with a club.
You die...

█.. ███.. ...≈█
█.... ≈≈≈.█ █...█ █
.... █...█████
.█... . █.......█
█.█. .█ █....██.█
█..█$█ █....██.█
██...█
███..█@██.██████.$█
█...<█g██.██.....██
█..█▲█....██%....█
█........███.....█
█........█ █.....█
█........███.....█
█............)...█
█................█
█.......)........█


You could see a hobgoblin.

Vanquished Creatures
  2 adders (D:2)
  2 bats
  A goblin (D:1)
  2 hobgoblins (D:2)
  2 kobolds
  3 rats (D:2)
12 creatures vanquished.

Notes
Turn   | Place    | Note
-------+----------+-------------------------------------------
     0 | D:1      | Goblin1989 the Vampire Wizard began the quest for the Orb.
     0 | D:1      | Reached XP level 1. HP: 13/13 MP: 4/4
   755 | D:2      | Reached XP level 2. HP: 20/20 MP: 0/6
  1175 | D:2      | Reached skill level 1 in Fighting
  1175 | D:2      | Reached skill level 1 in Short Blades
  1307 | D:2      | Reached XP level 3. HP: 26/26 MP: 2/7
  1446 | D:2      | Gained mutation: Your flesh is cold resistant. (rC+) [potion of mutation]
  1446 | D:2      | Gained mutation: You are robust. (+10% HP) [potion of mutation]
  1446 | D:2      | Slain by a hobgoblin

Skill      XL: |  1  2 |
---------------+-------+-----
Fighting       | 1 |  1.0
Short Blades   | 1 |  1.1
Dodging        | |  2.7
Stealth        | |  3.8
Spellcasting   | |  3.0
Conjurations   | |  0.6
Summonings     | |  1.0
Translocations | |  0.7

Action                   || total
-------------------------++-------
Melee: Unarmed           ||    14
       Dagger            ||    25
       Bite              ||     3
 Cast: Magic Dart        ||    54
  Use: Potion            ||     5
Armor: Robe              ||     5
Dodge: Dodged            ||    30

Vault maps used:
D:1:      dpeg_arrival_line_fractal, minmay_vboxes
D:2:      lemuel_blue_sif_altar, nicolae_ru_awakened_eye,
          corexii_item_surrounded_by_moat, uniq_robin
